 Dungeon Crawl Stone Soup version 0.31-a0-154-g56bf346678 (webtiles) character file.

Game seed: 16474422249239127334

73 night the Trooper (level 4, -1/48 HPs)
             Began as an Ogre Hunter on June 11, 2023.
             Was a Believer of Zin.
             Slain by an adder (3 damage)
             ... on level 3 of the Dungeon.
             The game lasted 00:03:55 (2207 turns).

night the Trooper (Ogre Hunter)                     Turns: 2207, Time: 00:03:56

Health: -1/48      AC:  5    Str: 16    XL:     4   Next: 27%
Magic:  2/4        EV: 10    Int: 11    God:    Zin [**....]
Gold:   190        SH:  0    Dex: 15    Spells: 3/3 levels left

rFire   + . .        a - +0 shortbow
rCold   + + .        (shield currently unavailable)
rNeg    . . .        x - +2 robe {Will+}
rPois   ∞            (helmet restricted)
rElec   +            (no cloak)
rCorr   +            (gloves unavailable)
SInv    .            (boots unavailable)
Will    ++...        (no amulet)
Stlth   ++           g - ring of protection from cold
HPRegen 0.28/turn    l - ring of poison resistance
MPRegen 0.09/turn

%: no passive effects
@: vitalised, resistant, enlightened, flying
A: large, unfitting armour, tough skin 1
a: Renounce Religion, Recite, Vitalisation, Donate Gold


You were on level 3 of the Dungeon.
You worshipped Zin.
Zin was pleased with you.
You visited 1 branch of the dungeon, and saw 3 of its levels.

You collected 211 gold pieces.
You donated 21 gold pieces to Zin.

Inventory:

Hand Weapons
 a - a +0 shortbow (weapon)
 q - a +0 long sword
Missiles
 e - 40 stones
 s - 2 boomerangs
 w - 2 poisoned darts
Armour
 c - a +0 robe
 x - a +2 robe of willpower (worn)
Jewellery
 g - a ring of protection from cold (left hand)
 l - a ring of poison resistance (right hand)
 o - a ring of flight
 v - a ring of ice
Wands
 k - a wand of paralysis (11)
Scrolls
 b - a scroll of butterflies
 i - 3 scrolls of identify {unknown}
 m - a scroll of enchant weapon {unknown}
 p - a scroll of blinking {unknown}
 r - a scroll of vulnerability {unknown}
 t - a scroll of magic mapping {unknown}
 u - a scroll of amnesia {unknown}
Potions
 d - a potion of mutation {unknown}
 f - a potion of enlightenment
 h - a potion of attraction {unknown}
 j - a potion of curing {unknown}
 n - 2 potions of resistance


   Skills:
 + Level 3.7 Fighting
 + Level 0.1 Long Blades
 - Level 1.4 Maces & Flails
 * Level 3.6 Ranged Weapons
 - Level 1.7 Dodging
 - Level 0.6 Stealth
 + Level 0.2 Invocations


You had 3 spell levels left.
You didn't know any spells.
Your spell library contained the following spells:

 Spells                   Type           Power      Damage    Failure   Level
 Necrotise                Necr           0%         1d4       34%         1
 Blink                    Tloc           0%         N/A       47%         2
 Cigotuvi's Dreadful Rot  Necr/Pois/Air  0%         N/A       47%         2
 Lesser Beckoning         Tloc           0%         N/A       47%         2
 Momentum Strike          Conj/Tloc      0%         3d8       47%         2
 Dazzling Flash           Conj/Hex       0%         N/A       71%         3
 Frozen Ramparts          Ice            0%         1d1       71%         3
 Vampiric Draining        Necr           0%         2d6       71%         3
 Dispel Undead            Necr           0%         3d6       98%         4
 Ice Form                 Ice/Tmut       0%         N/A       98%         4
 Summon Ice Beast         Ice/Summ       0%         N/A       98%         4
 Agony                    Necr           0%         N/A       100%        5
 Silence                  Hex/Air        0%         N/A       100%        5
 Death Channel            Necr           0%         N/A       100%        6


Dungeon Overview and Level Annotations

Branches:
Dungeon (3/15)

Altars:
Dithmenos
Zin

Annotations:
D:3 3 runed translucent doors


Innate Abilities, Weirdness & Mutations

You are too large for most types of armour.
You have tough skin. (AC +1)


Message History

You shoot an arrow. The arrow hits the worm!
The worm is moderately wounded.
You feel very sick. The adder bites you. The worm closely misses you.
The adder barely misses you.
You shoot an arrow. The arrow hits the worm.
The worm is moderately wounded.
You feel sick. The adder barely misses you. The worm bites you.
You shoot an arrow. The arrow hits the worm.
The worm is heavily wounded.
You feel sick. The adder misses you. The adder bites you but does no damage.
You shoot an arrow. The arrow barely misses the worm.
You feel sick. The adder bites you but does no damage. The worm bites you.
You shoot an arrow. The arrow hits the worm.
The worm is severely wounded.
You feel sick. The adder bites you. The worm bites you!
* * * LOW HITPOINT WARNING * * *
The adder bites you but does no damage.
You shoot an arrow. The arrow hits the worm.
The worm is almost dead.
You feel sick.
You are no longer poisoned.
The adder bites you but does no damage.
You shoot an arrow.
The arrow hits the worm but does no damage.
The worm is almost dead.
The adder bites you but does no damage. The worm bites you!
* * * LOW HITPOINT WARNING * * *
The adder closely misses you. Zin grants you divine stamina.
The adder bites you.
* * * LOW HITPOINT WARNING * * *
The worm barely misses you. The adder misses you.
It was a potion of enlightenment.
You feel very buoyant.
You fly up into the air.
The adder closely misses you.
It was a potion of resistance.
You feel protected. The adder bites you.
You die...

..............#......Z#.....##.#.
..............###+++###..........
...............#...........##..##
##.............#...........##..#.
#.............##..........##..#.
#.............#.....#..#####..#.
#..........<..#...............#.
#.............)...........##.##.
#.........#@#'†#.#...........[..
#.........S.#..#......##..##.##.
#........w###..###.##.#....#..#.
#.........'.#..#.†.##.#.........
#.........'.#..#.'....#.P~~⌠~~⌠.
#.........########.####.~.....~.
#...........#..#...# #.⌠.#.#.⌠.
#########.#.#''#.#.####.P.#.#.~.
#...............~P#_#.⌠.


You could see a worm and an adder.

Vanquished Creatures
  A worm (D:2)
  3 dart slugs
  4 ball pythons
  7 endoplasms
  A giant cockroach (D:3)
  5 hobgoblins
  4 jackals (D:1)
  6 kobolds
  6 bats
  3 frilled lizards (D:1)
  7 goblins
  12 rats
59 creatures vanquished.

Notes
Turn   | Place    | Note
-------+----------+-------------------------------------------
     0 | D:1      | night the Ogre Hunter began the quest for the Orb.
     0 | D:1      | Reached XP level 1. HP: 22/22 MP: 1/1
    94 | D:1      | Reached XP level 2. HP: 26/29 MP: 2/2
   118 | D:1      | Reached skill level 1 in Maces & Flails
   451 | D:1      | Reached XP level 3. HP: 37/37 MP: 3/3
  1454 | D:2      | Reached XP level 4. HP: 46/46 MP: 4/4
  1620 | D:3      | Found a runed translucent gate.
  1620 | D:3      | Found a runed translucent gate.
  1620 | D:3      | Found a runed translucent gate.
  1628 | D:3      | Found a faded altar of an unknown god.
  1643 | D:3      | Prayed at the altar of an unknown god.
  1643 | D:3      | Became a worshipper of Zin the Law-Giver
  1643 | D:3      | Reached * piety under Zin
  1643 | D:3      | Reached ** piety under Zin
  1785 | D:3      | Found a shadowy altar of Dithmenos.
  1957 | D:3      | Identified the +8 hand axe "Ubuteq" {elec, rPois Int+3
                  | Dex+2}
  2202 | D:3      | HP: 2/48 [worm (8)]
  2207 | D:3      | Slain by an adder

Illustrated notes

Levels and vault maps discovered:
D:1:      onia_arrival_mini_maze, layout_loops_ring
D:2:      layout_basic
D:3:      layout_basic, nicolae_dithmenos_the_darkroom,
          shapermc_ecumenical_altar_acropolis, gammafunk_ghost_necromancy,
          minmay_mini_jars

Skill      XL: |  1  2 |
---------------+-------+-----
Ranged Weapons | 3 |  3.6
Fighting       | 3 |  3.7
Maces & Flails | 1 |  1.4
Long Blades    | |  0.1
Dodging        | |  1.7
Stealth        | |  0.6
Invocations    | |  0.2

Action                     |  1- 3 |  4- 6 || total
---------------------------+-------+-------++-------
   Fire: Shortbow          |   147 |    43 ||   190
 Invoke: Vitalisation      |       |     1 ||     1
    Use: Potion            |       |     2 ||     2
 Armour: Robe              |    25 |    17 ||    42
  Dodge: Dodged            |    48 |    20 ||    68

Table legend: (Time is in decaauts)
 A = Elapsed time spent in this place.
 B = Non-inter-level travel time spent in this place.
 C = Inter-level travel time spent in this place.
 D = Time resting spent in this place.
 E = Time spent auto-exploring this place.
 F = Levels seen in this place.
 G = Mean time per level.
                   A        B        C        D        E       F      G
               +--------+--------+--------+--------+--------+-----+--------+
         Total |   2250 |   2224 |     26 |      0 |   1846 |   3 |  750.0 |
       Dungeon |   2250 |   2224 |     26 |      0 |   1846 |   3 |  750.0 |
               +--------+--------+--------+--------+--------+-----+--------+

Top non-repeatable levels by time:
     D:1: 975 daAuts
     D:2: 637 daAuts
     D:3: 637 daAuts
